 Dungeon Crawl Stone Soup version 0.22.0 (webtiles) character file.

11 b5mith the Skirmisher (level 2, 27/27 HPs)
             Began as a Minotaur Berserker on Oct 7, 2018.
             Was a Follower of Trog.
             Quit the game on level 1 of the Dungeon.
             The game lasted 00:02:16 (289 turns).

b5mith the Skirmisher (Minotaur Berserker)           Turns: 289, Time: 00:02:16

Health: 27/27      AC:  2    Str: 21    XL:     2   Next: 17%
Magic:  1/1        EV: 12    Int:  4    God:    Trog [*.....]
Gold:   32         SH:  0    Dex:  9    Spells: 1/1 levels left

rFire    . . .     SeeInvis .   a - +0 falchion
rCold    . . .     Gourm    .   (no shield)
rNeg     . . .     Faith    .   b - +0 animal skin
rPois    .         Spirit   .   (helmet restricted)
rElec    .         Reflect  .   (no cloak)
rCorr    .         Harm     .   (no gloves)
MR       .....                  (no boots)
Stlth    +.........             (no amulet)
HPRegen  0.09/turn              (no ring)
MPRegen  0.07/turn              (no ring)

@: no status effects
A: retaliatory headbutt, horns 2
a: Berserk, Renounce Religion


You were on level 1 of the Dungeon.
You worshipped Trog.
Trog was aware of your devotion.
You were not hungry.

You visited 1 branch of the dungeon, and saw 1 of its levels.

You collected 32 gold pieces.

Inventory:

Hand Weapons
 a - a +0 falchion (weapon)
Armour
 b - a +0 animal skin (worn)
 e - a +0 scale mail
   (You found it on level 1 of the Dungeon)
Scrolls
 f - a scroll of remove curse {unknown}
Comestibles
 c - a ration
 d - 3 chunks of flesh


   Skills:
 + Level 4.1 Fighting
 + Level 4.1 Long Blades
 - Level 2.4 Armour
 - Level 2.1 Dodging


You had one spell level left.
You didn't know any spells.
Your spell library was empty.

Dungeon Overview and Level Annotations

Branches:
Dungeon (1/15)

Altars:


Innate Abilities, Weirdness & Mutations

You reflexively headbutt those who attack you in melee.
You have a pair of horns on your head.


Message History

You hit the goblin.
The goblin is heavily wounded.
The goblin hits you.
You hit the goblin.
The goblin is severely wounded.
The goblin hits you.
You hit the goblin.
You kill the goblin!
Trog accepts your kill.
No target in view!
You see here a goblin corpse.
You butcher the goblin corpse.
d - 4 chunks of flesh (gained 2)
You see here a goblin skeleton.
You see here a goblin skeleton.
Found 15 sling bullets.
You start resting.
HP restored.
A bat comes into view.
You barely miss the bat. Your headbutt misses the bat.
The bat completely misses you. You furiously retaliate!
You headbutt the bat!
You kill the bat!
Trog accepts your kill.
You see here a bat corpse.
You butcher the bat corpse.
d - 5 chunks of flesh (gained 1)
Found a mace.
Found a dagger.
You see here a mace.
You see here a dagger.
Some of the chunks of flesh in your inventory have rotted away.
Some of the chunks of flesh in your inventory have rotted away.
A rat comes into view.
You hit the rat.
The rat is severely wounded.
The rat bites you.
You hit the rat.
You kill the rat!
Trog accepts your kill.
Unknown command.
Unknown command.
Unknown command.
You aren't carrying any potions.
Okay, then.
Unknown command.
You aren't carrying any potions.
Unknown command.
Are you sure you want to abandon this character and quit the game? (Confirm with "yes".)
Okay, then.
Are you sure you want to abandon this character and quit the game? (Confirm with "yes".)

#.# #.# #.####### #.#
#.......# #.# #######.#
#.######
#######.########.......
.................#
..#####.########.# .#.#
#.# #.# #.## #.# #@#
)## #.# #.# ## #.# #.#
# #.# #.# #.# #.#
#.########.#
######..........#
#...............#
##.############.


There were no monsters in sight!

Vanquished Creatures
  2 bats (D:1)
  A hobgoblin (D:1)
  3 jackals (D:1)
  2 goblins (D:1)
  2 rats (D:1)
10 creatures vanquished.

Notes
Turn   | Place    | Note
-------+----------+-------------------------------------------
     0 | D:1      | b5mith the Minotaur Berserker began the quest for the Orb.
     0 | D:1      | Reached XP level 1. HP: 19/19 MP: 0/0
    82 | D:1      | Reached XP level 2. HP: 27/27 MP: 1/1
   289 | D:1      | Quit the game

Skill      XL: |  1 |
---------------+----+-----
Fighting       | 4 |  4.1
Long Blades    | 4 |  4.1
Armour         | |  2.4
Dodging        | |  2.1

Action                   || total
-------------------------++-------
Melee: Falchion          ||    20
       Headbutt          ||     2
Armor: Animal skin       ||     2
Dodge: Dodged            ||     9
       Rpst.: Falchion   ||     1
